 Dungeon Crawl Stone Soup version 0.25-a0-503-ge281fa6 (webtiles) character file.

Game seed: 4821285347743247858, levelgen mode: deterministic

3409 15 the Ruffian (level 9, -11/72 HPs)
             Began as a Yellow Draconian Transmuter on Feb 13, 2020.
             Was a Believer of Wu Jian.
             Killed from afar by an electric eel (13 damage)
             ... with a bolt of electricity
             ... on level 8 of the Dungeon.
             The game lasted 00:34:24 (9414 turns).

15 the Ruffian (Yellow Draconian Transmuter)        Turns: 9414, Time: 00:34:24

Health: -11/72     AC: 13    Str: 14    XL:     9   Next: 75%
Magic:  15/16      EV: 14    Int: 15    God:    Wu Jian [**....]
Gold:   148        SH:  0    Dex: 12    Spells: 3/18 levels left

rFire    + . .     SeeInvis +     - Unarmed
rCold    . . .     Gourm    .   (no shield)
rNeg     . . .     Faith    .   (armour unavailable)
rPois    .         Spirit   .   z - +2 hat
rElec    .         Reflect  .   r - +2 cloak
rCorr    +         Harm     .   (no gloves)
MR       .....                  s - +0 pair of boots
Stlth    ++........             (no amulet)
HPRegen  0.22/turn              m - ring of see invisible
MPRegen  0.15/turn              k - ring of protection from fire

@: very slightly contaminated
A: spit acid, unfitting armour, cold-blooded, acid resistance, AC +7
a: Breathe Acid, Wall Jump, Renounce Religion


You were on level 8 of the Dungeon.
You worshipped Wu Jian.
Wu Jian was pleased with you.
You were not hungry.

You visited 2 branches of the dungeon, and saw 9 of its levels.

You collected 304 gold pieces.
You spent 156 gold pieces at shops.

Inventory:

Missiles
 a - 127 arrows
Armour
 r - a +2 cloak (worn)
 s - a +0 pair of boots (worn)
 z - a +2 hat (worn)
Jewellery
 f - an uncursed ring of flight
 k - a ring of protection from fire (right hand)
 m - a ring of see invisible (left hand)
Wands
 y - a wand of acid (4)
Scrolls
 b - 4 scrolls of remove curse
 h - a scroll of enchant weapon
 i - 2 scrolls of amnesia
 j - 3 scrolls of magic mapping
 l - a scroll of enchant armour
 o - a scroll of fog
 w - a scroll of noise {unknown}
Potions
 d - 2 potions of flight
 e - 3 potions of heal wounds
 g - 2 potions of curing
 n - 2 potions of lignification
 p - a potion of agility
 t - a potion of cancellation
 u - a potion of haste
 v - a potion of berserk rage
 B - a potion of might
Comestibles
 c - 20 rations
 x - 5 chunks of flesh


   Skills:
 * Level 4.6 Fighting
 + Level 0.9 Throwing
 * Level 5.3 Dodging
 + Level 3.0 Stealth
 + Level 6.9 Unarmed Combat
 * Level 5.0 Spellcasting
 * Level 1.9 Conjurations
 * Level 4.7 Transmutations
 * Level 2.9 Ice Magic
 * Level 3.2 Earth Magic
 + Level 1.0 Poison Magic
 * Level 3.9 Evocations


You had 3 spell levels left.
You knew the following spells:

 Your Spells              Type           Power        Failure   Level  Hunger
a - Beastly Appendage     Tmut           ###...       2%          1    None
b - Sticks to Snakes      Tmut           ###.....     3%          2    ##.....
c - Spider Form           Tmut/Pois      ##........   16%         3    ###....
d - Ice Form              Ice/Tmut       ###.....     32%         4    ####...
e - Passwall              Tmut/Erth      ###.....     4%          2    ##.....
f - Stone Arrow           Conj/Erth      ##....       17%         3    ###....

Your spell library contained the following spells:

 Spells                   Type           Power        Failure   Level  Hunger
 Sandblast                Erth           ##....       4%          1    None
 Summon Small Mammal      Summ           #...         16%         1    None
 Call Imp                 Summ           #.......     24%         2    ##.....
 Call Canine Familiar     Summ           #.......     43%         3    ###....
 Summon Guardian Golem    Hex/Summ       #.......     43%         3    ###....
 Petrify                  Tmut/Erth      ###.....     30%         4    ####...
 Blade Hands              Tmut           ###.......   54%         5    ######.
 Summon Ice Beast         Ice/Summ       #.......     65%         4    ####...
 Lee's Rapid Deconstruct  Erth           ##........   75%         5    ######.
 Summon Lightning Spire   Summ/Air       #.......     85%         4    ####...


Dungeon Overview and Level Annotations

Branches:
Dungeon (8/15)             Temple (1/1) D:5            Lair (0/6) D:8

Altars:
Ashenzari
Cheibriados
Dithmenos
Elyvilon
Fedhas
Gozag
Hepliaklqana
Kikubaaqudgha
Makhleb
Nemelex Xobeh
Okawaru
Qazlal
Ru
Sif Muna
Trog
Uskayaw
Vehumet
Wu Jian
Xom
Yredelemnul
Zin
The Shining One

Shops:
D:5 !


Innate Abilities, Weirdness & Mutations

You can spit globs of acid.
Your golden yellow scales are hard. (AC +7)
You cannot fit into any form of body armour.
You are cold-blooded and may be slowed by cold attacks.
You are resistant to acid. (rCorr)


Message History

The electric eel seems to be corroded for longer.
You kill the electric eel!
The Council accepts your kill.
You hear a splash.
The wolf bites you but does no damage.
Unknown command.
Unknown command.
Unknown command.
As you read the scroll labeled YNOEMOUBO, it crumbles to dust.
The scroll dissolves into smoke.
It was a scroll of fog.
The wolf bites you but does no damage. x2
Unknown command.
As you read the scroll labeled CEEKHL BOKK, it crumbles to dust.
It is a scroll of amnesia.
Really abort (and waste the scroll)?
Okay, then.
The wolf closely misses you. x2
The electric eel shoots out a bolt of lightning at you!
The bolt of electricity hits you!
You die...

...#.# .........
..##.###.≈≈..≈≈.≈.≈....#
..##........≈≈≈.≈.≈≈...#
..##.....≈≈≈≈≈≈.≈.≈≈...#
..##.......≈≈≈≈.≈≈≈≈≈..#
####.....≈..≈≈≈.≈≈≈≈≈..#
#...D..≈h.≈§§§§≈≈...#
####'###..≈≈≈≈§§§§§≈...#
#.....##.≈≈D≈≈;§@Z≈≈≈..#
#.#...##≈≈≈≈≈≈§§§h§≈≈..#
#.#...##≈≈≈≈≈§..h.h≈≈≈.#
..######≈≈≈≈≈..>.;.≈≈..#
### #≈≈≈≈≈≈....†≈≈..#
#≈≈≈≈≈.≈.≈.≈≈≈≈.#
#≈≈≈≈≈≈≈≈≈≈≈≈....#
..≈≈≈≈≈≈≈≈≈.....
.≈≈≈≈≈.≈.≈≈≈...


You could see 2 wolves, a hound, 2 electric eels and a bullfrog zombie.

Vanquished Creatures
  Joseph (D:7)
  A troll (D:8)
  A hippogriff (D:7)
  A sky beast (D:8)
  A phantom (D:4)
  5 ogres
  A wolf (D:8)
  A centaur (D:7)
  3 bullfrogs
  6 killer bees (D:6)
  4 wights (D:7)
  3 electric eels (D:8)
  A howler monkey (D:6)
  A crimson imp (D:6)
  2 centaur zombies
  4 bullfrog zombies
  A jelly (D:7)
  3 hounds
  5 bullfrog skeletons
  A centaur skeleton (D:4)
  A gnoll shaman (D:3)
  An iguana (D:5)
  5 worker ants
  3 hound zombies
  3 hound skeletons
  2 worker ant zombies (D:6)
  A howler monkey zombie (D:6)
  8 gnolls
  11 adders
  A shadow imp (D:7)
  An ooze (D:2)
  An adder skeleton (D:6)
  4 adder zombies (D:6)
  3 worms
  3 dart slugs
  6 leopard geckos
  11 orcs
  7 giant cockroaches
  6 goblins
  7 hobgoblins
  4 jackals
  A quokka (D:2)
  4 ball pythons
  8 bats
  5 frilled lizards
  2 giant cockroach zombies
  9 kobolds
  A leopard gecko skeleton (D:7)
  2 leopard gecko zombies (D:6)
  A quokka zombie (D:7)
  9 rats
177 creatures vanquished.

Vanquished Creatures (collateral kills)
  A scorpion (D:4)
  An adder (D:2)
2 creatures vanquished.

Grand Total: 179 creatures vanquished

Notes
Turn   | Place    | Note
-------+----------+-------------------------------------------
     0 | D:1      | 15 the Draconian Transmuter began the quest for the Orb.
     0 | D:1      | Reached XP level 1. HP: 16/16 MP: 3/3
   143 | D:1      | Reached XP level 2. HP: 7/23 MP: 3/5
   149 | D:1      | Learned a level 2 spell: Sticks to Snakes
   910 | D:1      | Reached XP level 3. HP: 25/28 MP: 6/6
  1750 | D:2      | Reached XP level 4. HP: 31/35 MP: 7/7
  2243 | D:3      | Learned a level 3 spell: Spider Form
  2520 | D:3      | Reached skill level 4 in Unarmed Combat
  2977 | D:3      | Found a hazy altar of Hepliaklqana.
  2995 | D:3      | Found an ornate altar of the Wu Jian Council.
  3001 | D:3      | Became a worshipper of the Wu Jian Council
  3080 | D:3      | Reached XP level 5. HP: 40/40 MP: 4/8
  3660 | D:4      | Reached skill level 1 in Stealth
  3762 | D:4      | Reached skill level 1 in Evocations
  3799 | D:4      | Reached XP level 6. HP: 38/48 MP: 10/10
  4693 | D:4      | Learned a level 4 spell: Ice Form
  4724 | D:5      | Entered Level 5 of the Dungeon
  4746 | D:5      | Your scales start taking on a golden yellow colour.
  4746 | D:5      | Reached XP level 7. HP: 56/56 MP: 7/11
  4746 | D:5      | Gained mutation: You are resistant to acid. (rCorr) [Yellow
                  | Draconian growth]
  4887 | D:5      | Found a staircase to the Ecumenical Temple.
  4896 | Temple   | Entered the Ecumenical Temple
  5254 | D:5      | Reached * piety under Wu Jian
  5304 | D:5      | Found a shimmering blue altar of Sif Muna.
  5684 | D:5      | Reached skill level 5 in Unarmed Combat
  5754 | D:5      | Found Hauwipn's Distillery.
  5763 | D:5      | Learned a level 2 spell: Passwall
  5764 | D:5      | Bought a potion of invisibility for 104 gold pieces
  5764 | D:5      | Bought a potion of might for 52 gold pieces
  6258 | D:6      | Reached XP level 8. HP: 49/63 MP: 13/13
  6849 | D:6      | Reached ** piety under Wu Jian
  6991 | D:6      | Reached skill level 1 in Earth Magic
  7129 | D:6      | Reached skill level 6 in Unarmed Combat
  7172 | D:6      | Learned a level 3 spell: Stone Arrow
  7683 | D:7      | Reached skill level 1 in Ice Magic
  8105 | D:7      | Noticed a hippogriff
  8132 | D:7      | Killed a hippogriff
  8165 | D:7      | Reached XP level 9. HP: 20/71 MP: 12/15
  8796 | D:7      | Reached skill level 1 in Conjurations
  8859 | D:7      | Noticed Joseph
  8872 | D:7      | Killed Joseph
  9224 | D:8      | Noticed a troll
  9247 | D:8      | Killed a troll
  9247 | D:8      | Reached skill level 5 in Dodging
  9247 | D:8      | Reached skill level 5 in Spellcasting
  9311 | D:8      | Reached skill level 1 in Poison Magic
  9399 | D:8      | Found a staircase to the Lair.
  9411 | D:8      | HP: 1/72 [electric eel/bolt of electricity (8)]
  9414 | D:8      | Killed from afar by an electric eel

Levels and vault maps discovered:
D:1:      sevenhm_arrival_forest_fort_small_4, layout_loops_ring,
          chequers_big_river
D:2:      layout_loops_cross, minmay_box_of_dots
D:3:      minmay_chambers_of_threes, layout_loops_ring,
          nicolae_overflow_hidden_temple, first_ration, kennysheep_flooded_box,
          minmay_misc_feat_hallway
D:4:      layout_layer_cave
D:5:      layout_loops_ring, lemuel_temple_firewalk_b, serial_shops,
          nicolae_shop_crystal, led_sif_pool
D:6:      layout_loops_corners, serial_undead, serial_undead_c, serial_undead_b,
          serial_undead_c, serial_undead_f, serial_undead_f, serial_undead_d,
          serial_undead_a
D:7:      layout_basic, uniq_joseph
D:8:      layout_basic, erik_lair_island, gammafunk_ghost_mausoleum,
          uniq_maggie, uniq_prince_ribbit1
Temple:   roderic_octagonal_lattice_temple

Skill      XL: |  1  2  3  4  5  6  7  8  9 |
---------------+----------------------------+-----
Dodging        | 2 3 4 5 |  5.3
Unarmed Combat | 4 5 6 |  6.9
Stealth        | 1 2 3 |  3.0
Evocations     | 1 2 3 |  3.9
Fighting       | 2 3 4 |  4.6
Spellcasting   | 3 4 5 |  5.0
Transmutations | 3 4 |  4.7
Earth Magic    | 1 3 |  3.2
Ice Magic      | 2 |  2.9
Conjurations   | 1 |  1.9
Poison Magic   | 1 |  1.0
Throwing       | |  0.9

Action                   |  1- 3 |  4- 6 |  7- 9 || total
-------------------------+-------+-------+-------++-------
Melee: Unarmed           |   180 |   302 |   504 ||   986
       Tailslap          |    12 |    28 |    41 ||    81
       Kick              |     3 |    17 |    20 ||    40
       Headbutt          |     2 |     4 |    19 ||    25
       Punch             |       |     4 |     4 ||     8
Throw: Throwing net      |       |     2 |       ||     2
 Cast: Beastly Appendage |    10 |    21 |    30 ||    61
       Sticks to Snakes  |     1 |     5 |       ||     6
       Spider Form       |       |     3 |     4 ||     7
       Ice Form          |       |       |     3 ||     3
       Stone Arrow       |       |       |     1 ||     1
Invok: Lunge             |       |    11 |    32 ||    43
       Whirlwind         |       |       |    40 ||    40
 Abil: Evoke Flight      |     2 |       |       ||     2
       Breathe Acid      |       |       |     6 ||     6
Evoke: Wand              |       |       |     5 ||     5
  Use: Scroll            |     6 |     6 |    10 ||    22
       Potion            |       |     2 |     5 ||     7
 Stab: Sleeping          |       |     3 |     3 ||     6
       Invisible         |       |       |     2 ||     2
  Eat: Chunk             |     1 |     7 |    11 ||    19
       Ration            |     1 |     1 |     2 ||     4
Armor: Skin              |    46 |    76 |   142 ||   264
Dodge: Dodged            |   104 |   206 |   340 ||   650

Table legend:
 A = Non-vault XP
 B = Vault XP
 C = Vault XP percentage of total XP
 D = Non-vault monster count
 E = Vault monster count
 F = Vault count percentage of total count
                 A         B        C        D         E       F
            +---------+---------+-------+---------+---------+-------
      Total |    3543 |    1328 |  27.3 |     143 |      36 |  20.1
            +---------+---------+-------+---------+---------+-------
        D:1 |      42 |       0 |   0.0 |      23 |       0 |   0.0
        D:2 |      66 |      16 |  19.5 |      16 |       3 |  15.8
        D:3 |     101 |      75 |  42.6 |      21 |      11 |  34.4
        D:4 |     365 |       0 |   0.0 |      18 |       0 |   0.0
        D:5 |     456 |       0 |   0.0 |      13 |       0 |   0.0
        D:6 |     742 |     319 |  30.1 |      21 |      18 |  46.2
        D:7 |    1313 |     419 |  24.2 |      22 |       1 |   4.3
        D:8 |     458 |     499 |  52.1 |       9 |       3 |  25.0
            +---------+---------+-------+---------+---------+-------
